 Dungeon Sprint DCSS version 0.27.1-33-g824d729ab1 (webtiles) character file.

Game seed: 1653880319282059434

25 Hipnos the Chiller (level 2, -4/16 HPs)
             Began as a Deep Elf Ice Elementalist on Nov 27, 2021.
             Slain by an ogre (20 damage)
             ... in the Dungeon (Sprint I: "Red Sonja").
             The game lasted 00:00:57 (293 turns).

Hipnos the Chiller (Deep Elf Ice Elementalist)       Turns: 293, Time: 00:00:58

Health: -4/16      AC:  2    Str:  5    XL:     2   Next: 82%
Magic:  8/9        EV: 13    Int: 19    God:
Gold:   0          SH:  0    Dex: 15    Spells: 8/9 levels left

rFire    . . .     SeeInvis .   h - +2 dagger (holy)
rCold    . . .     Faith    .   (no shield)
rNeg     . . .     Spirit   .   a - +0 robe
rPois    .         Reflect  .   (no helmet)
rElec    .         Harm     .   (no cloak)
rCorr    .         Rampage  .   (no gloves)
Will     .....     NoTele   +   (no boots)
Stlth    ++........             (no amulet)
HPRegen  0.05/turn              (no ring)
MPRegen  0.11/turn              (no ring)

@: hasted, very quick
A: no striking features
a: no special abilities


You were in the Dungeon.
You visited 1 branch

Inventory:

Hand Weapons
 h - a +2 dagger of holy wrath (weapon)
Armour
 a - a +0 robe (worn)
Wands
 c - a wand of digging (5)
Scrolls
 g - a scroll of blinking
Potions
 b - a potion of curing
 e - a potion of magic
 f - a potion of berserk rage


   Skills:
 + Level 0.4 Fighting
 + Level 3.0 Dodging
 - Level 2.4 Stealth
 + Level 4.2 Spellcasting
 + Level 6.9 Ice Magic


You had 8 spell levels left.
You knew the following spells:

 Your Spells              Type           Power      Damage    Failure   Level
a - Freeze                Ice            100%       1d11      1%          1

Your spell library contained the following spells:

 Spells                   Type           Power      Damage    Failure   Level
 Frozen Ramparts          Ice            60%        1d8       2%          3
 Ozocubu's Armour         Ice            30%        N/A       2%          3
 Hailstorm                Conj/Ice       17%        3d6       32%         4


Dungeon Overview and Level Annotations

Branches:
Dungeon (1/1)

Altars:


Message History

You freeze Ijyb.
Ijyb is almost dead.
Ijyb hits you with a +2 dagger of holy wrath.
* * * LOW HITPOINT WARNING * * *
Casting: Freeze (safe; 2% risk of failure)
Confirm with . or Enter, or press ? or * to list all spells.
Aiming: Freeze (safe; 2% risk of failure)
Press: ? - help, Shift-Dir - straight line, f/p - Ijyb
Aim: Ijyb, wielding a +2 dagger of holy wrath, wearing a +0 ring mail and carrying a wand of digging (5) (almost dead)
You freeze Ijyb.
You kill Ijyb!
Your Dodging skill increases to level 3!
Your Spellcasting skill increases to level 4!
Your Ice Magic skill gained 2 levels and is now at level 6!
You have reached level 2!
c - a wand of digging (5)
Things that are here:
a +2 dagger of holy wrath; a +0 ring mail Your +2 dagger of holy wrath softly glows with a divine radiance!
h - a +2 dagger of holy wrath (weapon)
You start resting.
Your magical contamination has completely faded away.
You start resting.
Magic restored.
You start resting.
HP restored.
You open the door.
An ogre comes into view. It is wielding a +0 giant club.
The ogre shouts!
You feel yourself speed up.
Casting: Freeze (safe; 1% risk of failure)
Confirm with . or Enter, or press ? or * to list all spells.
Aiming: Freeze (safe; 1% risk of failure)
Press: ? - help, Shift-Dir - straight line, f - ogre
Aim: an ogre, wielding a +0 giant club You freeze the ogre.
The ogre is lightly wounded.
The ogre hits you with a +0 giant club!!
Ouch! That really hurt!
You die...

##########
#<.#.@O..#
#..'[.#..+
#..#### +#
#..# #..#
#..# #⌠⌠#
####


You could see an ogre.

Vanquished Creatures
  Ijyb (D)
1 creature vanquished.

Notes
Turn   | Place    | Note
-------+----------+-------------------------------------------
     0 | D        | Hipnos the Deep Elf Ice Elementalist began the quest for
                  | the Orb.
     0 | D        | Reached XP level 1. HP: 10/10 MP: 6/6
     1 | D        | Noticed Ijyb
    12 | D        | Killed Ijyb
    13 | D        | Reached skill level 6 in Ice Magic
    13 | D        | Reached XP level 2. HP: 2/16 MP: 5/9
   291 | D        | Noticed an ogre
   293 | D        | Slain by an ogre

Illustrated notes

Levels and vault maps discovered:
D:        dungeon_sprint_1 [red_sonja_temple_1, red_sonja_temple_small_1]

Skill      XL: |  1 |
---------------+----+-----
Dodging        | 3 |  3.0
Spellcasting   | 4 |  4.2
Ice Magic      | 6 |  6.9
Fighting       | |  0.4
Stealth        | |  2.4

Action                   || total
-------------------------++-------
 Cast: Freeze            ||     8
  Use: Potion            ||     3
Armor: Robe              ||     1
Dodge: Dodged            ||     5
